 Dungeon Crawl Stone Soup version 0.26.1-11-gd32895ea62 (webtiles) character file.

Game seed: 350315216492382045

11802 nomophobia the Cleaver (level 11, -10/87 HPs)
             Began as a Demonspawn Berserker on May 24, 2021.
             Was a High Priest of Trog.
             Mangled by a skeletal warrior
             ... wielding a +0 battleaxe
              (13 damage)
             ... on level 11 of the Dungeon.
             The game lasted 01:35:40 (11173 turns).

nomophobia the Cleaver (Demonspawn Berserker)      Turns: 11173, Time: 01:35:40

Health: -10/87     AC: 11    Str: 28    XL:     11   Next: 54%
Magic:  11/11      EV: 12    Int:  8    God:    Trog [*****.]
Gold:   727        SH:  0    Dex: 12    Spells: 10/10 levels left

rFire    . . .     SeeInvis +   i - +4 hand axe (vorpal)
rCold    . . .     Faith    .   (no shield)
rNeg     . . .     Spirit   .   z - +0 troll leather armour {Purgy}
rPois    .         Reflect  .   (no helmet)
rElec    .         Harm     .   D - +0 cloak
rCorr    .         Rampage  .   j - +0 pair of gloves
Will     .....                  (no boots)
Stlth    +.........             (no amulet)
HPRegen  0.64/turn              t - +6 ring of strength
MPRegen  0.12/turn              l - ring of see invisible

@: about to teleport, berserk cooldown, slowed, very slow
A: claws 1, molten scales 2, foul stench 1, powered by death 1, miasma immunity
a: Renounce Religion, Berserk, Trog's Hand, Brothers in Arms


You were on level 11 of the Dungeon.
You worshipped Trog.
Trog was extremely pleased with you.
You visited 1 branch of the dungeon, and saw 11 of its levels.
You also visited: Sewer.

You collected 727 gold pieces.

Inventory:

Hand Weapons
 i - a +4 vorpal hand axe (weapon)
Armour
 j - a +0 pair of gloves (worn)
 m - a +0 plate armour
 z - a +0 troll leather armour (worn) {Purgy}
 D - a +0 cloak (worn)
Jewellery
 l - a ring of see invisible (right hand)
 t - a +6 ring of strength (left hand)
 v - an uncursed ring of resist corrosion
Wands
 u - a wand of iceblast (14)
 x - a wand of disintegration (11)
 C - a wand of flame (10)
 E - a wand of digging (4)
Scrolls
 b - a scroll of immolation
 c - 5 scrolls of teleportation
 g - 2 scrolls of identify
 k - 3 scrolls of remove curse
 y - a scroll of fear
 B - a scroll of blinking
 F - a scroll of fog
Potions
 a - a potion of degeneration {unknown}
 d - a potion of heal wounds
 e - 3 potions of resistance
 f - 2 potions of might
 h - 5 potions of haste
 n - 3 potions of curing
 o - 2 potions of invisibility
 p - a potion of ambrosia {unknown}
 q - 5 potions of lignification
 r - a potion of magic {unknown}
 s - 3 potions of flight
 w - 2 potions of mutation {unknown}
 A - a potion of cancellation {unknown}


   Skills:
 + Level 8.9 Fighting
 * Level 11.0 Axes
 * Level 10.9 Armour
 - Level 1.7 Dodging


You had 10 spell levels left.
You didn't know any spells.
Your spell library was empty.

Dungeon Overview and Level Annotations

Branches:
Dungeon (11/15)            Temple (0/1) D:6            Lair (0/6) D:9
  Sewer (visited)
    Orc: D:9-12

Altars:
Cheibriados
Gozag
Makhleb
Okawaru
Sif Muna
Trog
Wu Jian
Xom
The Shining One

Shops:
D:8 (   D:9 [   D:10 [


Innate Abilities, Weirdness & Mutations

You have sharp fingernails.
You are mostly covered in molten scales. (AC +3)
You may emit foul miasma when damaged in melee.
You regenerate a little health from kills.
You are immune to miasma.


Message History

You are no longer berserk.
You are exhausted.
You feel yourself slow down. The rakshasa gestures at you.
The lance of force misses you.
A bullfrog comes into view.
The bullfrog gives a loud, deep croak!
The rakshasa blinks!
The skeletal warrior hits you with a +0 battleaxe!!
* * * LOW HITPOINT WARNING * * *
An unseen horror comes into view.
The rakshasa barely misses you.
The rakshasa hits you with a +0 trident.
* * * LOW HITPOINT WARNING * * *
As you read the scroll of teleportation, it crumbles to dust.
You feel strangely unstable. The bullfrog hits you.
* * * LOW HITPOINT WARNING * * *
The bullfrog looks sick.
The skeletal warrior hits you with a +0 battleaxe!
You die...

########################
#....#..#.#....#...#...#
.#.#.#.#.#......#.#....
#.##..#.#.#....#...#x#.##
..#..##.##.#.#..#.#lZZ..#
.##.[..#.#.#.#.#...#
.#..(.#.#..#.#.R#z#.#
##......#..#.#..@F†#.#
#)....##.#.#.#.##.#.#=#
#.#####..#.#.#.#..##.##
)...................#..
########################


You could see a rakshasa, a skeletal warrior, an unseen horror (invisible), a
bullfrog (sick), an iguana and a centaur warrior skeleton.

Vanquished Creatures
  A boulder beetle (D:11)
  A two-headed ogre (D:8)
  An unseen horror (D:10)
  Pikel (D:8)
  2 ugly things (D:11)
  Psyche (D:8)
  A komodo dragon (D:9)
  2 trolls
  Prince Ribbit (D:6)
  6 yaks
  A spriggan (D:10)
  Edmund (D:6)
  4 orc warriors
  Purgy (Sewer)
  4 black bears
  5 ice beasts
  A sky beast (D:10)
  5 ogres
  2 phantoms
  7 centaurs
  4 lemures (D:8)
  7 bullfrogs
  Blork the orc (D:6)
  A big kobold (D:8)
  2 gnoll sergeants
  3 scorpions
  10 killer bees
  3 howler monkeys (D:10)
  A wight (D:11)
  3 centaur zombies
  A quasit (D:10)
  3 hounds
  3 jellies
  6 orc wizards
  Crazy Yiuf (D:3)
  2 orc priests
  3 iron imps (D:9)
  A bullfrog skeleton (D:10)
  5 centaur skeletons
  Terence (D:3)
  3 iguanas
  5 worker ants
  A hound zombie (D:5)
  3 hound skeletons
  3 howler monkey zombies
  8 gnolls
  A howler monkey skeleton (D:4)
  9 adders
  3 shadow imps
  4 white imps
  3 ufetubi
  3 oozes
  An adder skeleton (D:6)
  2 adder zombies
  6 dart slugs
  A worm (D:4)
  14 leopard geckos
  25 orcs
  5 bats
  4 giant cockroaches
  5 goblins
  7 hobgoblins
  9 jackals (D:4)
  3 quokkas
  5 ball pythons
  6 frilled lizards
  A giant cockroach zombie (D:6)
  11 kobolds
  A leopard gecko zombie (D:5)
  5 rats
  A toadstool (D:9)
267 creatures vanquished.

Vanquished Creatures (collateral kills)
  A two-headed ogre (D:11)
  A manticore (D:11)
  A wraith (D:11)
  A big kobold (D:9)
  2 wights
  An orc wizard (D:11)
  A kobold (D:9)
8 creatures vanquished.

Vanquished Creatures (others)
  2 fungi (D:9)
  6 plants (D:9)
  4 toadstools (D:9)
12 creatures vanquished.

Grand Total: 287 creatures vanquished

Notes
Turn   | Place    | Note
-------+----------+-------------------------------------------
     0 | D:1      | nomophobia the Demonspawn Berserker began the quest for the
                  | Orb.
     0 | D:1      | Reached XP level 1. HP: 18/18 MP: 1/1
    48 | D:1      | Gained mutation: You are immune to miasma. [demonic
                  | ancestry]
    48 | D:1      | Reached XP level 2. HP: 11/24 MP: 2/2
   315 | D:1      | Reached skill level 3 in Axes
   797 | D:1      | Reached XP level 3. HP: 18/29 MP: 3/3
  2438 | D:3      | Reached XP level 4. HP: 33/35 MP: 4/4
  2442 | D:3      | Reached ** piety under Trog
  2878 | D:3      | Gained mutation: You are partially covered in molten
                  | scales. (AC +2) [demonic ancestry]
  2878 | D:3      | Reached XP level 5. HP: 42/42 MP: 5/5
  2879 | D:3      | Noticed Terence
  2885 | D:3      | Killed Terence
  2886 | D:3      | Reached skill level 4 in Axes
  3309 | D:3      | Found a runed translucent door.
  3310 | D:3      | Noticed Crazy Yiuf
  3317 | D:3      | Killed Crazy Yiuf
  3416 | D:4      | Gained mutation: You are mostly covered in molten scales.
                  | (AC +3) [demonic ancestry]
  3416 | D:4      | Reached XP level 6. HP: 48/48 MP: 6/6
  3477 | D:4      | Found an opulent altar of Gozag.
  3607 | D:4      | Reached skill level 5 in Axes
  3868 | D:4      | Found a glowing golden altar of the Shining One.
  4380 | D:4      | Got an iridescent hand axe
  4381 | D:4      | Identified the cursed +1 hand axe "Erusoorr" {speed, Dex+2}
                  | (You found it on level 4 of the Dungeon)
  4447 | D:5      | Entered Level 5 of the Dungeon
  4501 | D:5      | Gained mutation: You have sharp fingernails. [demonic
                  | ancestry]
  4501 | D:5      | Reached XP level 7. HP: 55/55 MP: 7/7
  4552 | D:5      | Reached *** piety under Trog
  4936 | D:5      | Reached skill level 5 in Armour
  5125 | D:5      | Found a glowing drain.
  5142 | Sewer    | Entered a sewer
  5230 | Sewer    | Noticed Purgy
  5239 | Sewer    | Killed Purgy
  5746 | D:6      | Reached skill level 5 in Fighting
  5811 | D:6      | Noticed Prince Ribbit
  5817 | D:6      | Reached skill level 6 in Axes
  5817 | D:6      | Gained mutation: You may emit foul miasma when damaged in
                  | melee. [demonic ancestry]
  5817 | D:6      | Reached XP level 8. HP: 61/62 MP: 8/8
  5874 | D:6      | Noticed Edmund
  5900 | D:6      | Noticed Blork the orc
  5903 | D:6      | Killed Edmund
  5910 | D:6      | Killed Blork the orc
  6086 | D:6      | Found a staircase to the Ecumenical Temple.
  6177 | D:6      | Got a wavering copper ring
  6313 | D:6      | Identified the cursed ring "Numpih" {*Corrode rC+ Int+4
                  | Dex-4} (You found it on level 6 of the Dungeon)
  6598 | D:6      | Killed Prince Ribbit
  6599 | D:6      | Reached skill level 7 in Axes
  6769 | D:7      | Gained mutation: You regenerate a little health from kills.
                  | [demonic ancestry]
  6769 | D:7      | Reached XP level 9. HP: 33/69 MP: 9/9
  7156 | D:7      | Reached **** piety under Trog
  8079 | D:8      | Noticed Psyche
  8094 | D:8      | Killed Psyche
  8095 | D:8      | Reached skill level 8 in Axes
  8269 | D:8      | Found a bloodstained altar of Trog.
  8360 | D:8      | Found the +3 sling "Punk" {acid, rCorr}
  8363 | D:8      | Noticed a two-headed ogre
  8375 | D:8      | Killed a two-headed ogre
  8376 | D:8      | Reached skill level 9 in Axes
  8376 | D:8      | Reached XP level 10. HP: 79/79 MP: 10/10
  8436 | D:8      | Noticed Pikel
  8452 | D:8      | Killed Pikel
  8498 | D:8      | Found a snail-covered altar of Cheibriados.
  8662 | D:8      | Found Jean's Weapon Shop.
  8727 | D:8      | Found a shimmering altar of Xom.
  8727 | D:8      | Found a shimmering altar of Xom.
  8727 | D:8      | Found a shimmering altar of Xom.
  8727 | D:8      | Found a shimmering altar of Xom.
  8728 | D:8      | Found a shimmering altar of Xom.
  8728 | D:8      | Found a shimmering altar of Xom.
  8852 | D:9      | Reached ***** piety under Trog
  8865 | D:9      | Found an ornate altar of the Wu Jian Council.
  9160 | D:9      | Found a burning altar of Makhleb.
  9254 | D:9      | Found a shimmering blue altar of Sif Muna.
  9481 | D:9      | Found a staircase to the Lair.
  9579 | D:9      | Found Eram's Antique Armour Emporium.
  9658 | D:9      | Found an iron altar of Okawaru.
  9792 | D:10     | Entered Level 10 of the Dungeon
 10042 | D:10     | Found Haatiesm's Antique Armour Shoppe.
 10271 | D:10     | Reached skill level 10 in Axes
 10473 | D:10     | Reached skill level 10 in Armour
 10496 | D:10     | Noticed an unseen horror
 10507 | D:10     | Killed an unseen horror
 10508 | D:10     | Reached XP level 11. HP: 86/86 MP: 11/11
 10946 | D:11     | Noticed a brown ugly thing
 10959 | D:11     | Killed a brown ugly thing
 10963 | D:11     | Noticed a two-headed ogre
 10974 | D:11     | Killed a two-headed ogre
 11040 | D:11     | Noticed a green ugly thing
 11056 | D:11     | Killed a green ugly thing
 11059 | D:11     | Noticed a boulder beetle
 11091 | D:11     | Killed a boulder beetle
 11092 | D:11     | Reached skill level 11 in Axes
 11150 | D:11     | Noticed a rakshasa
 11156 | D:11     | Noticed a skeletal warrior
 11172 | D:11     | Noticed an unseen horror
 11173 | D:11     | HP: 3/87 [bullfrog (4)]
 11173 | D:11     | Mangled by a skeletal warrior

Illustrated notes

Levels and vault maps discovered:
D:1:      minmay_arrival_stair_chambers, layout_basic, grunt_decor_cap
D:2:      layout_basic, chequers_serial_rivers_large_b, hex_intersection
D:3:      layout_basic, serial_park_tiny_1, uniq_terence,
          uniq_crazy_yiuf_cottage
D:4:      layout_loops_cross, nicolae_gozag_cash_rules_everything_around_me,
          nicolae_overflow_hidden_temple, chequers_temple_overflow_minitemple
D:5:      layout_loops_corners, portal_sewer_entry_f, kennysheep_generic_room_7
D:6:      layout_basic, minmay_temple_entry_nine_rooms, uniq_prince_ribbit1,
          uniq_edmund, uniq_blork_the_orc
D:7:      layout_basic
D:8:      layout_rooms, bloody_trog, lemuel_coloured_pillars_altar,
          serial_shops, shop, xom_redecorated, uniq_pikel, uniq_psyche
D:9:      layout_basic, lemuel_doored_altar, demons_altar,
          kennysheep_little_box, overflow_temple_1_default, david_lair_shrubbed,
          serial_shops, nicolae_shop_overgrown_old_shop,
          minmay_gold_behind_fungi
D:10:     minmay_four_partial_circles, layout_irregular_city, serial_shops,
          shop_fountains, st_stairs_6, corexii_leaking_fountain, kennysheep_nub,
          the_bakery
D:11:     minmay_the_grid_triangle_9x9_line_8_mashed
          [minmay_the_grid_triangle_9x9_steps,
          minmay_the_grid_triangle_9x9_descending_squares,
          minmay_the_grid_triangle_9x9_checkered,
          minmay_the_grid_triangle_9x9_cache,
          minmay_the_grid_triangle_9x9_corruption,
          minmay_the_grid_triangle_9x9_from_above,
          minmay_the_grid_triangle_9x9_zippers_vertical,
          minmay_the_grid_triangle_9x9_prize_special], layout_loops_ring,
          hiddenorc2_lemuel, chequers_serial_rivers_micro_c

Skill      XL: |  1  2  3  4  5  6  7  8  9 10 11 |
---------------+----------------------------------+-----
Armour         | 2 3 4 5 7 8 10 | 10.9
Axes           | 3 4 5 6 7 9 10 11 | 11.0
Fighting       | 4 5 6 7 8 |  8.9
Dodging        | |  1.7

Action                   |  1- 3 |  4- 6 |  7- 9 | 10-12 || total
-------------------------+-------+-------+-------+-------++-------
Melee: Hand axe          |    86 |   121 |   275 |   314 ||   796
Invok: Berserk           |     1 |     6 |     9 |     9 ||    25
       Brothers in Arms  |       |       |       |     5 ||     5
       Trog's Hand       |       |       |       |     1 ||     1
  Use: Scroll            |     5 |     5 |    13 |     7 ||    30
       Potion            |       |       |       |     1 ||     1
 Stab: Sleeping          |     2 |       |       |       ||     2
Armor: Animal skin       |    24 |       |       |       ||    24
       Ring mail         |     9 |    38 |    30 |       ||    77
       Troll leather arm |       |       |    64 |   107 ||   171
       Skin              |       |       |     9 |       ||     9
Dodge: Dodged            |    77 |    57 |   158 |   145 ||   437
